 Dungeon Crawl Stone Soup version 0.27.1-1-g398f81649c (webtiles) character file.

Game seed: 3076895276444924096

2 jondo1214 the Grave Robber (level 1, -1/14 HPs)
             Began as a Hill Orc Necromancer on Sept 13, 2021.
             Slain by an endoplasm (2 damage)
             ... on level 1 of the Dungeon.
             The game lasted 00:01:32 (190 turns).

jondo1214 the Grave Robber (Hill Orc Necromancer)    Turns: 190, Time: 00:01:33

Health: -1/14      AC:  2    Str: 10    XL:     1   Next: 40%
Magic:  2/3        EV: 12    Int: 15    God:
Gold:   0          SH:  0    Dex: 11    Spells: 1/3 levels left

rFire    . . .     SeeInvis .   b - +0 short sword
rCold    . . .     Faith    .   (no shield)
rNeg     + . .     Spirit   .   a - +0 robe
rPois    .         Reflect  .   (no helmet)
rElec    .         Harm     .   (no cloak)
rCorr    .         Rampage  .   (no gloves)
Will     .....                  (no boots)
Stlth    ++........             (no amulet)
HPRegen  0.04/turn              d - ring of positive energy
MPRegen  0.08/turn              (no ring)

@: no status effects
A: no striking features
a: no special abilities


You were on level 1 of the Dungeon.
You visited 1 branch of the dungeon, and saw 1 of its levels.

Inventory:

Hand Weapons
 b - a +0 short sword (weapon)
Armour
 a - a +0 robe (worn)
Jewellery
 d - a ring of positive energy (left hand)
Scrolls
 c - a scroll of magic mapping {unknown}


   Skills:
 + Level 1.5 Dodging
 * Level 1.5 Stealth
 * Level 1.5 Spellcasting
 * Level 4.1 Necromancy


You had one spell level left.
You knew the following spells:

 Your Spells              Type           Power      Damage    Failure   Level
a - Pain                  Necr           52%        1d6       4%          1
b - Animate Skeleton      Necr           26%        N/A       4%          1

Your spell library contained the following spells:

 Spells                   Type           Power      Damage    Failure   Level
 Vampiric Draining        Necr           6%         2d6       13%         3
 Animate Dead             Necr           6%         N/A       38%         4
 Agony                    Necr           13%        N/A       75%         5


Dungeon Overview and Level Annotations

Branches:
Dungeon (1/15)

Altars:


Message History

Nothing appears to happen.
Casting: Animate Skeleton (safe; 4% risk of failure)
Confirm with . or Enter, or press ? or * to list all spells.
You attempt to give life to the dead...
Before your eyes, flesh is ripped from the corpse!
The dead are walking!
You open the door.
Found a scroll labelled USHREE ALLUVOIF.
Your magical contamination has completely faded away.
There is an open door here.
c - a scroll labelled USHREE ALLUVOIF You open the door.
There is an open door here.
You see here a +0 dagger.
You open the door.
Your goblin skeleton crumbles into dust!
You open the door.
There is an open door here.
Found 23 stones.
Found a blackened gilded ring.
Found a robe.
d - a ring of positive energy
d - a ring of positive energy (left hand)
An endoplasm comes into view.
A hobgoblin comes into view.
The hobgoblin shouts!
Casting: Animate Skeleton (safe; 4% risk of failure)
Confirm with . or Enter, or press ? or * to list all spells.
Aiming: Pain (safe; 4% risk of failure)
Press: ? - help, Shift-Dir - straight line, f - endoplasm
Aim: an endoplasm (wandering, hasn't noticed you, chance to affect: 83%)
The endoplasm quivers.
The endoplasm writhes in agony.
The endoplasm hits you. The endoplasm freezes you.
You are frozen.
The hobgoblin hits you.
* * * LOW HITPOINT WARNING * * *
You hit the endoplasm.
The endoplasm is almost dead.
The endoplasm hits you.
You die...

#########
#####g.......
#...@J.......
#..♣♣♣...♣♣♣.
#.♣# ♣.♣#
#######.♣ .♣
........♣# ♣.♣
######...♣♣♣.♣
♣♣♣
#......♣♣♣..
#...♣♣♣.♣.♣
#..♣# #♣.♣


You could see an endoplasm and a hobgoblin.

Vanquished Creatures
  A goblin (D:1)
  A quokka (D:1)
2 creatures vanquished.

Notes
Turn   | Place    | Note
-------+----------+-------------------------------------------
     0 | D:1      | jondo1214 the Hill Orc Necromancer began the quest for the
                  | Orb.
     0 | D:1      | Reached XP level 1. HP: 14/14 MP: 3/3
    43 | D:1      | Learned a level 1 spell: Animate Skeleton
   190 | D:1      | Slain by an endoplasm

Illustrated notes

Levels and vault maps discovered:
D:1:      lemuel_arrival_rhombus, layout_loops_corners,
          corexii_item_surrounded_by_moat, chequers_arboretum,
          serial_bayou_pond_a, minmay_stone_trees_medium

Action                   || total
-------------------------++-------
Melee: Short sword       ||    10
 Cast: Animate Skeleton  ||     2
       Pain              ||     1
  Use: Scroll            ||     1
Armor: Robe              ||     4
Dodge: Dodged            ||     3
